 Dungeon Crawl Stone Soup version 0.26-a0-1107-g6118521029 (webtiles) character file.

Game seed: 7451719652964727276

265 Dracia the Agent of Entropy (level 5, -3/41 HPs)
             Began as a Demonspawn Abyssal Knight on Dec 16, 2020.
             Was a Priest of Lugonu.
             Slain by a gnoll
             ... wielding a +0 spear
              (6 damage)
             ... on level 3 of the Dungeon.
             The game lasted 00:04:20 (2502 turns).

Dracia the Agent of Entropy (DsAK)                  Turns: 2502, Time: 00:04:21

Health: -3/41      AC: 10    Str: 13    XL:     5   Next: 99%
Magic:  8/9        EV:  3    Int: 14    God:    Lugonu [***...]
Gold:   141        SH:  0    Dex: 12    Spells: 4/4 levels left

rFire    . . .     SeeInvis .   a - +1 falchion
rCold    . . .     Faith    .   (no shield)
rNeg     . . .     Spirit   .   f - +0 plate armour
rPois    .         Reflect  .   (helmet restricted)
rElec    .         Harm     .   (no cloak)
rCorr    .         Rampage  .   (no gloves)
Will     .....                  (no boots)
Stlth    ..........             (no amulet)
HPRegen  0.13/turn              (no ring)
MPRegen  0.11/turn              (no ring)

@: no status effects
A: hooves 1, horns 1
a: Depart the Abyss, Bend Space, Banish, Renounce Religion


You were on level 3 of the Dungeon.
You worshipped Lugonu.
Lugonu was most pleased with you.
You visited 1 branch of the dungeon, and saw 3 of its levels.
You visited the Abyss 1 time.

You collected 141 gold pieces.


Innate Abilities, Weirdness & Mutations

You have large cloven feet.
You have a pair of small horns on your head.


   Skills:
 - Level 3.0 Fighting
 + Level 4.2 Long Blades
 - Level 1.7 Armour
 - Level 0.8 Dodging
 + Level 6.0 Invocations


You had 4 spell levels left.
You didn't know any spells.
Your spell library was empty.

Inventory:

Hand Weapons
 a - a +1 falchion (weapon)
 h - a cursed -1 spear
Missiles
 k - 14 poisoned darts
Armour
 b - a +0 leather armour
 c - a +0 helmet
 f - a +0 plate armour (worn)
Scrolls
 d - 3 scrolls of identify {@r1@r1}
 e - a scroll of fog {unknown}
 i - a scroll of enchant armour {unknown}
 j - a scroll of remove curse {unknown}
 l - a scroll of amnesia {unknown}
 m - a scroll of blinking {unknown}

Dungeon Overview and Level Annotations

Branches:
Dungeon (3/15)

Altars:
Ashenzari
Xom

...#####..###.....
#.........##..##.
#.........#8..)..
###.....###..###
##########..#...##..#
..........###..##..#
...#.#.###(.# ##.#...#
........##(########..###
#@.....†)(.##.....
#.#g##..#####.....
.#.....#.# #8.....
#.........#g..# ##...##
...##.##..g...## #...#
#.. #.###§..# #...# ...
... #.#$# #8...# #.#.
#.###...# ##...# ...#
#.. ..... ....#


You could see 3 gnolls.


Message History

The gnoll hits you from afar with a +0 spear.
* * * LOW HITPOINT WARNING * * *
You see here a rat corpse.
The gnoll hits you with a +0 spear.
* * * LOW HITPOINT WARNING * * *
You slash the gnoll! Your kick misses the gnoll.
The gnoll is heavily wounded.
A gnoll comes into view. It is wielding a +0 flail.
A gnoll comes into view.
The gnoll hits you but does no damage.
You barely miss the gnoll.
The gnoll shouts!
You kick the gnoll, but do no damage. You headbutt the gnoll.
The gnoll is severely wounded.
The gnoll hits you but does no damage.
Unknown command.
Use which ability? (? or * to list) Space bends around you!
You blink.
Use which ability? (? or * to list) Space bends around you!
You blink.
The gnoll hits you.
* * * LOW HITPOINT WARNING * * *
It was a potion of magic.
Magic courses through your body. The gnoll hits you.
* * * LOW HITPOINT WARNING * * *
Use which ability? (? or * to list) Space bends around you!
You blink.
The gnoll hits you from afar with a +0 spear.
You die...

Skill      XL: |  1  2  3  4  5 |
---------------+----------------+-----
Long Blades    | 2 3 4 |  4.2
Invocations    | 3 4 5 6 |  6.0
Fighting       | |  3.0
Armour         | |  1.7
Dodging        | |  0.8

Action                   |  1- 3 |  4- 6 || total
-------------------------+-------+-------++-------
Melee: Falchion          |   103 |   149 ||   252
       Kick              |    16 |    35 ||    51
       Headbutt          |    12 |    29 ||    41
Invok: Bend Space        |       |     3 ||     3
  Use: Scroll            |     2 |       ||     2
       Potion            |       |     3 ||     3
Armor: Leather armour    |     7 |       ||     7
       Plate armour      |   108 |   117 ||   225
Dodge: Dodged            |    31 |    25 ||    56
       Rpst.: Falchion   |    11 |     8 ||    19

Levels and vault maps discovered:
D:1:      shiori_arrival_elements, layout_basic
D:2:      cheibrodos_fertilizer, layout_basic, general_overflow_altar,
          corexii_corridor_pit, palyth_stone_intersect
D:3:      layout_rooms, cheibrodos_ashenzari_chains, serial_corexii_hall,
          chequers_hall_statues_wall_a, chequers_hall_statues_wall_a,
          corexii_hall_statues_t, corexii_hall_statues_t,
          minmay_fractal_squares_5

Notes
Turn   | Place    | Note
-------+----------+-------------------------------------------
     0 | Abyss:1  | Dracia the Demonspawn Abyssal Knight began the quest for
                  | the Orb.
     0 | Abyss:1  | Reached XP level 1. HP: 18/18 MP: 2/2
     0 | Abyss:1  | Found a corrupted altar of Lugonu.
    22 | D:1      | You pass through the gate.
    22 | D:1      | Escaped the Abyss
    81 | D:1      | Reached skill level 2 in Long Blades
   111 | D:1      | Reached skill level 3 in Invocations
   111 | D:1      | You feel monstrous as your demonic heritage exerts itself.
   111 | D:1      | Gained mutation: You have large cloven feet. [demonic
                  | ancestry]
   111 | D:1      | Reached XP level 2. HP: 6/24 MP: 2/4
   553 | D:1      | Gained mutation: You have a pair of small horns on your
                  | head. [demonic ancestry]
   553 | D:1      | Reached XP level 3. HP: 28/29 MP: 5/5
  1073 | D:2      | Reached skill level 4 in Invocations
  1227 | D:2      | Reached ** piety under Lugonu
  1374 | D:2      | Reached skill level 3 in Long Blades
  1379 | D:2      | Reached XP level 4. HP: 28/35 MP: 7/7
  1383 | D:2      | HP: 3/35 [acid (3)]
  1408 | D:2      | Reached skill level 5 in Invocations
  1408 | D:2      | Reached XP level 5. HP: 13/41 MP: 8/8
  1826 | D:2      | Found a shimmering altar of Xom.
  2056 | D:3      | Found a broken altar of Ashenzari.
  2196 | D:3      | Reached *** piety under Lugonu
  2325 | D:3      | Reached skill level 4 in Long Blades
  2435 | D:3      | Reached skill level 6 in Invocations
  2499 | D:3      | HP: 4/41 [gnoll (1)]
  2502 | D:3      | Slain by a gnoll

Vanquished Creatures
  2 jellies (D:2)
  2 gnolls
  6 adders
  9 oozes (D:2)
  5 worms
  3 leopard geckos
  6 orcs (D:3)
  3 ball pythons
  5 bats
  A giant cockroach (D:3)
  4 goblins
  7 hobgoblins
  5 jackals
  7 frilled lizards
  11 kobolds
  5 rats
81 creatures vanquished.

Vanquished Creatures (others)
  9 fungi (D:2)
  8 toadstools (D:2)
17 creatures vanquished.

Grand Total: 98 creatures vanquished

Table legend: (Time is in decaauts)
 A = Elapsed time spent in this place.
 B = Non-inter-level travel time spent in this place.
 C = Inter-level travel time spent in this place.
 D = Time resting spent in this place.
 E = Time spent auto-exploring this place.
 F = Levels seen in this place.
 G = Mean time per level.
                   A        B        C        D        E       F      G
               +--------+--------+--------+--------+--------+-----+--------+
         Total |   2515 |   2462 |     53 |    446 |   1541 |   4 |  628.8 |
       Dungeon |   2493 |   2440 |     53 |    446 |   1534 |   3 |  831.0 |
         Abyss |     22 |     22 |      0 |      0 |      7 |   1 |   22.0 |
               +--------+--------+--------+--------+--------+-----+--------+

Top non-repeatable levels by time:
     D:2: 1106 daAuts
     D:1: 861 daAuts
     D:3: 526 daAuts
 Abyss:1: 22 daAuts

Table legend:
 A = Non-vault XP
 B = Vault XP
 C = Vault XP percentage of total XP
 D = Non-vault monster count
 E = Vault monster count
 F = Vault count percentage of total count
                 A         B        C        D         E       F
            +---------+---------+-------+---------+---------+-------
      Total |     205 |     174 |  45.9 |      54 |      27 |  33.3
            +---------+---------+-------+---------+---------+-------
        D:1 |      47 |       0 |   0.0 |      19 |       0 |   0.0
        D:2 |      35 |     156 |  81.7 |      12 |      19 |  61.3
        D:3 |     123 |      18 |  12.8 |      23 |       8 |  25.8
            +---------+---------+-------+---------+---------+-------
